 Dungeon Crawl Stone Soup version 0.20.1-1-g8b1a95d (webtiles) character file.

42 FerrousOx the Sneak (level 3, 0/16 HPs)
             Began as a Spriggan Enchanter on July 31, 2017.
             Succumbed to an adder's poison
             ... on level 2 of the Dungeon.
             The game lasted 00:09:51 (2385 turns).

FerrousOx the Sneak (Spriggan Enchanter)            Turns: 2385, Time: 00:09:51

Health: 0/16       AC:  2    Str:  5    XL:     3   Next: 33%
Magic:  3/8        EV: 19    Int: 16    God:
Gold:   87         SH:  0    Dex: 16    Spells: 4/7 levels left

rFire    . . .     SeeInvis +   a - +1 dagger
rCold    . . .     Gourm    .   (shield restricted)
rNeg     . . .     Faith    .   b - +0 robe
rPois    .         Spirit   .   (helmet restricted)
rElec    .         Reflect  .   (no cloak)
rCorr    .         Harm     .   (gloves unavailable)
MR       .....                  (boots unavailable)
Stlth    +++.......             (no amulet)
Regen    0.1/turn               (no ring)
MPRegen  0.2/turn               (no ring)

@: lethally poisoned (0 -> -4), very slightly contaminated, very quick
A: unfitting armour, see invisible, herbivore 3, speed 3, slow metabolism 2
a: no special abilities


You were on level 2 of the Dungeon.
You were not hungry.

You visited 1 branch of the dungeon, and saw 2 of its levels.

You collected 87 gold pieces.

Inventory:

Hand Weapons
 a - a +1 dagger (weapon)
Missiles
 m - 52 stones (quivered)
Armour
 b - a +0 robe (worn)
Wands
 l - a wand of disintegration (19/24)
Scrolls
 g - a scroll of remove curse {unknown}
 k - a scroll of fear {unknown}
 n - a scroll of fog {unknown}
Potions
 e - a potion of curing {unknown}
 f - a potion of degeneration {unknown}
 h - a potion of agility {unknown}
 i - 2 potions of heal wounds {unknown}
 j - a potion of invisibility {unknown}
Books
 c - a book of Maledictions

   Spells                             Type                      Level
   a - Corona                         Hexes                        1
   b - Ensorcelled Hibernation        Hexes/Ice                    2
   c - Confuse                        Hexes                        3
   d - Tukima's Dance                 Hexes                        3
   e - Dazzling Spray                 Conjuration/Hexes            3
Comestibles
 d - 3 bread rations


   Skills:
 * Level 2.0 Short Blades
 - Level 3.8 Dodging
 * Level 5.6 Stealth
 - Level 2.7 Spellcasting
 - Level 3.6 Hexes


You had 4 spell levels left.
You knew the following spells:

 Your Spells              Type           Power        Failure   Level  Hunger
a - Corona                Hex            ##.....      4%          1    #......
b - Ensorcelled Hibernat  Hex/Ice        #.....       14%         2    ##.....


Dungeon Overview and Level Annotations

Branches:
Dungeon (2/15)

Altars:


Innate Abilities, Weirdness & Mutations

You are very small and have problems with some larger weapons.
You are too small for most types of armour.
You have supernaturally acute eyesight. (SInv)
You are a herbivore.
You cover ground extremely quickly.
You need consume almost no food.


Message History

Confirm with . or Enter, or press ? or * to list all spells.
Aiming: Ensorcelled Hibernation
Press: ? - help, Shift-Dir - straight line, f/p - adder
Aim: an adder (heavily wounded, chance to defeat MR: 49%)
The adder resists with some effort.
The adder barely misses you.
* * * LOW HITPOINT WARNING * * *
You feel sick.
* * * LOW HITPOINT WARNING * * *
You feel sick.
Things that are here:
a dagger; a goblin skeleton You open the door.
There is an open door here.
Things that are here:
a frilled lizard skeleton; a rat skeleton There isn't anything to butcher here.
You close the door.
* * * LOW HITPOINT WARNING * * *
You feel sick.
You die...

## .#######
.......###############
......S+รท.......@...>#
.......#######.#####.#
.......# #.# .......#
#.# .####### #.# .#
##.##### ## #).....#
#......# #......#


There were no monsters in sight!

Vanquished Creatures
  An adder (D:2)
  An ooze (D:1)
  4 bats
  2 giant cockroaches
  4 goblins
  4 hobgoblins (D:2)
  4 frilled lizards
  4 kobolds
  5 rats
29 creatures vanquished.

Notes
Turn   | Place    | Note
-------+----------+-------------------------------------------
     0 | D:1      | FerrousOx the Spriggan Enchanter began the quest for the Orb.
     0 | D:1      | Reached XP level 1. HP: 9/9 MP: 5/5
   789 | D:1      | Reached skill level 5 in Stealth
   938 | D:1      | Reached XP level 2. HP: 13/13 MP: 6/6
  1639 | D:2      | Reached XP level 3. HP: 4/16 MP: 8/8
  2336 | D:2      | Learned a level 2 spell: Ensorcelled Hibernation
  2385 | D:2      | Succumbed to an adder's poison

Skill      XL: |  1  2  3 |
---------------+----------+-----
Stealth        | 5 |  5.6
Short Blades   | 2 |  2.0
Dodging        | |  3.8
Spellcasting   | |  2.7
Hexes          | |  3.6

Action                   || total
-------------------------++-------
Melee: Dagger            ||   163
 Cast: Corona            ||     1
       Ensorcelled Hiber ||     3
 Stab: Sleeping          ||     3
Armor: Robe              ||    25
Dodge: Dodged            ||   153
